 Dungeon Crawl Stone Soup version 0.28-a0-1235-g7c8fac35f0 (webtiles) character file.

Game seed: 3101245878435616647

28 croobank the Insei (level 3, 0/23 HPs)
             Began as an Octopode Transmuter on Dec 25, 2021.
             Succumbed to an adder's poison
             ... on level 2 of the Dungeon.
             The game lasted 00:06:56 (1328 turns).

croobank the Insei (Octopode Transmuter)            Turns: 1328, Time: 00:06:56

Health: 0/23       AC:  1    Str:  9    XL:     3   Next: 12%
Magic:  6/6        EV: 13    Int: 17    God:
Gold:   42         SH:  0    Dex: 12    Spells: 3/6 levels left

rFire   . . .      SeeInvis .     - Unarmed
rCold   . . .      Faith    .   (no shield)
rNeg    . . .      Spirit   .   (helmet currently unavailable)
rPois   .          Reflect  .   g - amulet of the acrobat
rElec   .          Harm     .   (no ring)
rCorr   .          Rampage  .   (no ring)
Will    .....                   (no ring)
Stlth   ++........              (no ring)
HPRegen 0.07/turn               (no ring)
MPRegen 0.10/turn               (no ring)
                                (no ring)
                                (no ring)

@: brilliant, lethally poisoned (0 -> -9), appendages (expiring)
A: tentacle spike 3, almost no armour, amphibious, 8 rings, camouflage 1,
gelatinous body 1, (nimble swimmer 1), tentacles
a: End Transformation


You were on level 2 of the Dungeon.
One of your tentacles had grown a beastly spike.
You visited 1 branch of the dungeon, and saw 2 of its levels.

You collected 42 gold pieces.

Inventory:

Hand Weapons
 j - a +0 hunting sling
Missiles
 b - 19 stones
Jewellery
 g - an amulet of the acrobat (around mantle)
Scrolls
 a - 5 scrolls of identify {unknown}
 c - a scroll of brand weapon {unknown}
 d - a scroll of blinking {unknown}
 e - 2 scrolls of immolation {unknown}
 f - 2 scrolls of magic mapping {unknown}
Potions
 i - a potion of might {unknown}


   Skills:
 + Level 1.5 Fighting
 + Level 2.3 Dodging
 + Level 3.2 Unarmed Combat
 + Level 2.2 Spellcasting
 + Level 2.3 Transmutations


You had 3 spell levels left.
You knew the following spells:

 Your Spells              Type           Power      Damage    Failure   Level
a - Beastly Appendage     Tmut           28%        N/A       8%          1
b - Wereblood             Tmut           14%        N/A       11%         2

Your spell library contained the following spells:

 Spells                   Type           Power      Damage    Failure   Level
 Spider Form              Tmut/Pois      8%         N/A       34%         3
 Ice Form                 Ice/Tmut       8%         N/A       75%         4


Dungeon Overview and Level Annotations

Branches:
Dungeon (2/15)

Altars:

Shops:
D:1 [   D:2 !


Innate Abilities, Weirdness & Mutations

One of your tentacles has grown a beastly spike.
You cannot wear most types of armour.
You are amphibious.
You can wear up to eight rings at the same time.
Your skin changes colour to match your surroundings (Stealth+).
Your rubbery body absorbs attacks. (AC +1, EV +1)
((You are camouflaged when in or above water. (Stealth+)))
You have tentacles for arms and can constrict up to eight enemies at once.


Message History

The bat closely misses you.
The bat escapes!
An adder comes into view.
A frilled lizard comes into view.
The bat hits you but does no damage. The bat completely misses you.
The adder hisses angrily.
You closely miss the adder. Your grab misses the adder.
Your tentacle spike misses the adder.
Your squeeze misses the adder.
You hear a shout!
The bat hits you. The adder closely misses you.
You closely miss the adder. Your grab misses the adder.
Your tentacle spike misses the adder.
The bat misses you. The adder bites you.
You miss the adder. Your grab misses the adder. The adder closely misses you.
The bat hits you but does no damage. The adder bites you.
You are poisoned.
The adder poisons you!
You tentacle-slap the adder. Your grab misses the adder.
The adder is lightly wounded.
Your transformation is almost over.
You feel sick.
The bat hits you but does no damage. x2; The adder bites you.
The bat hits you.
You closely miss the adder. Your grab misses the adder.
Your tentacle spike misses the adder.
The adder is lightly wounded.
You feel sick. The bat barely misses you. The bat completely misses you.
The adder barely misses you.
You closely miss the adder. Your grab misses the adder.
You pierce the adder.
The adder is moderately wounded.
You feel sick. The bat hits you but does no damage. The adder bites you.
* * * LOW HITPOINT WARNING * * *
You are lethally poisoned!
The adder poisons you!
You tentacle-slap the adder but do no damage.
Your grab misses the adder.
The adder is moderately wounded.
* * * LOW HITPOINT WARNING * * *
You feel sick. The bat barely misses you. The adder barely misses you.
The bat hits you.
* * * LOW HITPOINT WARNING * * *
It was a potion of brilliance.
You feel clever all of a sudden.
You die...

#............ .
#........[.†. ..###
#............
....##
#............
....###............
##..##............
##.#..#............
#.#b#.###'###+#+###
#@##.....#
#S###.##### #l# #.#
#l# #.# #.# ..# ..#
... ##. .### # . ##


You could see an adder, a bat and 2 frilled lizards.

Vanquished Creatures
  A dart slug (D:1)
  3 ball pythons
  2 bats (D:1)
  4 endoplasms
  4 giant cockroaches
  2 goblins
  A hobgoblin (D:1)
  A quokka (D:1)
  A frilled lizard (D:2)
  2 rats (D:1)
21 creatures vanquished.

Notes
Turn   | Place    | Note
-------+----------+-------------------------------------------
     0 | D:1      | croobank the Octopode Transmuter began the quest for the
                  | Orb.
     0 | D:1      | Reached XP level 1. HP: 13/13 MP: 3/3
   310 | D:1      | Reached XP level 2. HP: 15/18 MP: 3/5
   460 | D:1      | Found Anteec's Armour Boutique.
   844 | D:1      | Learned a level 2 spell: Wereblood
  1029 | D:2      | Found Iludytz's Distillery.
  1079 | D:2      | Reached XP level 3. HP: 23/23 MP: 3/6
  1328 | D:2      | Succumbed to an adder's poison

Illustrated notes

Levels and vault maps discovered:
D:1:      dpeg_arrival_solitude, layout_basic, serial_shops, nicolae_shop_trees,
          feat_on_display
D:2:      layout_basic, serial_shops, nicolae_shop_hallway_stairs,
          corexii_item_surrounded_by_moat, minmay_circle_x

Action                   || total
-------------------------++-------
Melee: Unarmed           ||    59
       Constrict         ||    10
       Tentacles         ||    10
       Kick              ||     8
 Cast: Beastly Appendage ||    16
       Wereblood         ||     2
  Use: Potion            ||     1
 Stab: Sleeping          ||     6
Armor: Skin              ||     7
Dodge: Dodged            ||    37

Table legend: (Time is in decaauts)
 A = Elapsed time spent in this place.
 B = Non-inter-level travel time spent in this place.
 C = Inter-level travel time spent in this place.
 D = Time resting spent in this place.
 E = Time spent auto-exploring this place.
 F = Levels seen in this place.
 G = Mean time per level.
                   A        B        C        D        E       F      G
               +--------+--------+--------+--------+--------+-----+--------+
         Total |   1324 |   1323 |      1 |    190 |    708 |   2 |  662.0 |
       Dungeon |   1324 |   1323 |      1 |    190 |    708 |   2 |  662.0 |
               +--------+--------+--------+--------+--------+-----+--------+

Top non-repeatable levels by time:
     D:1: 906 daAuts
     D:2: 418 daAuts
